 Dungeon Crawl Stone Soup version 0.22.0-1-g6561e4c (webtiles) character file.

6619 Gergoth the Schismatic (level 11, 0/102 HPs)
             Began as a Hill Orc Abyssal Knight on Aug 12, 2018.
             Was an Elder of Lugonu.
             Slain by a spiny frog (17 damage)
             ... on level 1 of the Lair of Beasts.
             The game lasted 00:15:07 (7771 turns).

Gergoth the Schismatic (Hill Orc Abyssal Knight)    Turns: 7771, Time: 00:15:07

Health: 0/102      AC: 12    Str: 19    XL:     11   Next: 2%
Magic:  20/20      EV:  7    Int: 12    God:    Lugonu [****..]
Gold:   451        SH:  0    Dex: 10    Spells: 10/10 levels left

rFire    . . .     SeeInvis .   u - +0 war axe (elec)
rCold    . . .     Gourm    .   (no shield)
rNeg     + . .     Faith    .   p - +0 chain mail
rPois    .         Spirit   .   r - +1 helmet
rElec    .         Reflect  .   (no cloak)
rCorr    .         Harm     .   e - +0 pair of gloves
MR       .....                  (no boots)
Stlth    ..........             (no amulet)
HPRegen  0.27/turn              j - ring of positive energy
MPRegen  0.17/turn              (no ring)

@: lethally poisoned (0 -> -21)
A: no striking features
a: Depart the Abyss, Bend Space, Banish, Corrupt, Renounce Religion


You were on level 1 of the Lair of Beasts.
You worshipped Lugonu.
Lugonu was greatly pleased with you.
You were hungry.

You visited 3 branches of the dungeon, and saw 12 of its levels.
You visited the Abyss 1 time.

You collected 475 gold pieces.
You spent 24 gold pieces at shops.

Inventory:

Hand Weapons
 a - a +1 hand axe
 u - a +0 war axe of electrocution (weapon)
Armour
 e - a +0 pair of gloves (worn)
 o - a +0 plate armour
 p - a +0 chain mail (worn)
 r - a +1 helmet (worn)
Jewellery
 j - a ring of positive energy (left hand)
 l - an uncursed amulet of magic regeneration
 x - an uncursed amulet of rage
 E - an uncursed amulet of the acrobat {unknown}
Wands
 q - a wand of clouds (3)
 v - a wand of polymorph (11)
 H - a wand of iceblast (8)
Scrolls
 f - 7 scrolls of remove curse
 k - 2 scrolls of blinking
 n - 2 scrolls of teleportation {unknown}
 s - 2 scrolls of fog {unknown}
 w - 2 scrolls of enchant weapon {unknown}
 y - a scroll of immolation {unknown}
 B - a scroll of magic mapping {unknown}
 C - a scroll of vulnerability {unknown}
 D - a scroll of torment {unknown}
Potions
 b - 3 potions of resistance
 d - 2 potions of berserk rage {unknown}
 g - a potion of flight {unknown}
 h - 3 potions of curing {unknown}
 i - 2 potions of invisibility {unknown}
 m - 2 potions of heal wounds
 t - 2 potions of might {unknown}
 A - 3 potions of ambrosia {unknown}
Comestibles
 c - 14 rations


   Skills:
 - Level 11.4 Fighting
 + Level 12.0 Axes
 + Level 2.6 Armour
 - Level 1.2 Dodging
 + Level 12.7 Invocations


You had 10 spell levels left.
You didn't know any spells.
Your spell library contained the following spells:

 Spells                   Type           Power        Failure   Level  Hunger
 Magic Dart               Conj           #...         99%         1    ##.....
 Lightning Bolt           Conj/Air       #.........   100%        5    ######.
 Freezing Cloud           Conj/Ice/Air   #.........   100%        6    #######
 Iskenderun's Mystic Bla  Conj           #.......     100%        4    #####..
 Shock                    Conj/Air       #...         99%         1    ##.....
 Deflect Missiles         Chrm/Air       #.........   100%        6    #######
 Flame Tongue             Conj/Fire      #....        99%         1    ##.....
 Fulminant Prism          Conj/Hex       #.........   100%        4    #####..
 Dazzling Spray           Conj/Hex       #.....       100%        3    ####...
 Force Lance              Conj/Tloc      #.......     100%        4    #####..
 Searing Ray              Conj           #.....       99%         2    ###....


Dungeon Overview and Level Annotations

Branches:
Dungeon (10/15)            Temple (1/1) D:5            Lair (1/6) D:10
    Orc (0/2) D:9

Altars:
Ashenzari
Cheibriados
Dithmenos
Elyvilon
Fedhas
Gozag
Hepliaklqana
Kikubaaqudgha
Makhleb
Nemelex Xobeh
Okawaru
Qazlal
Ru
Sif Muna
Trog
Uskayaw
Vehumet
Wu Jian
Xom
Yredelemnul
Beogh

Shops:
D:4 }   D:7 *   D:8 (

Annotations:
D:5 1 runed door, ThereIsNoGod's ghost, novice DDFi


Message History

You slash the spiny frog!
The spiny frog is heavily wounded.
You feel sick. The spiny frog barely misses you.
Your chain mail prevents you from hitting the spiny frog.
The spiny frog is heavily wounded.
You feel sick. The spiny frog stings you.
You hit the spiny frog but do no damage.
The spiny frog is heavily wounded.
You feel sick. The spiny frog stings you.
You are more poisoned.
The spiny frog poisons you!
You hit the spiny frog.
The spiny frog is heavily wounded.
You feel sick. The spiny frog stings you.
You hit the spiny frog but do no damage.
The spiny frog is heavily wounded.
You feel sick. The spiny frog stings you!!
* * * LOW HITPOINT WARNING * * *
The spiny frog stings you!
You die...

#### ###
...##..###
#........#
........##
###
#.........
#...
#......#
... #....#
.# #@F# .#
##.## #
#..##
##..# #..#
##.##
#..##
##..#
♣≈≈≈.≈≈
### #..#
≈.≈≈≈.


You could see a spiny frog.

Vanquished Creatures
  Prince Ribbit (D:8)
  2 dream sheep (D:9)
  8 yaks
  A basilisk (D:10)
  Grum (D:8)
  2 water moccasins
  2 porcupines
  5 orc warriors
  2 sky beasts
  An ice beast (D:5)
  2 wolves (D:8)
  An ogre (D:9)
  A necrophage (D:10)
  2 centaurs
  3 big kobolds (D:9)
  4 bullfrogs
  A water moccasin zombie (D:6)
  2 wyvern skeletons (D:9)
  5 scorpions
  A howler monkey (D:9)
  2 crimson imps
  A bullfrog zombie (D:5)
  2 jellies
  A centaur skeleton (D:6)
  4 bullfrog skeletons
  A gnoll shaman (D:6)
  6 orc priests
  7 orc wizards
  6 hounds
  2 iguanas
  9 worker ants
  2 hound zombies (D:5)
  2 hound skeletons
  Robin (D:2)
  A mummy (D:5)
  8 adders
  11 gnolls
  2 oozes
  An adder skeleton (D:5)
  A worm (D:4)
  4 leopard geckos
  41 orcs
  8 bats
  6 giant cockroaches
  12 goblins
  8 hobgoblins
  4 jackals (D:6)
  5 quokkas
  3 ball pythons
  2 frilled lizards
  A giant cockroach zombie (D:5)
  2 hobgoblin zombies (D:5)
  A jackal skeleton (D:6)
  2 kobolds
  A kobold zombie (D:5)
  2 leopard gecko skeletons
  An orc zombie (D:5)
  8 rats
228 creatures vanquished.

Vanquished Creatures (others)
  A hydra (D:9)
  A hungry ghost (D:8)
  A porcupine (D:10)
  An orc warrior (D:9)
  A crocodile (D:10)
  An orc priest (D:9)
  An iguana (D:9)
  A bush (D:10)
  6 fungi (D:10)
  31 plants
45 creatures vanquished.

Grand Total: 273 creatures vanquished

Notes
Turn   | Place    | Note
-------+----------+-------------------------------------------
     0 | Abyss:1  | Gergoth the Hill Orc Abyssal Knight began the quest for the Orb.
     0 | Abyss:1  | Reached XP level 1. HP: 19/19 MP: 2/2
    41 | D:1      | Escaped the Abyss
   134 | D:1      | Reached skill level 1 in Dodging
   134 | D:1      | Reached XP level 2. HP: 19/27 MP: 3/3
   170 | D:1      | Reached * piety under Lugonu
   559 | D:2      | Reached XP level 3. HP: 28/33 MP: 5/5
   734 | D:2      | Noticed Robin
   768 | D:2      | Killed Robin
   854 | D:2      | Found an opulent altar of Gozag.
   891 | D:2      | Reached XP level 4. HP: 36/40 MP: 6/6
  1568 | D:3      | Found a radiant altar of Vehumet.
  1637 | D:3      | Reached ** piety under Lugonu
  1675 | D:3      | Reached XP level 5. HP: 47/47 MP: 7/7
  1782 | D:4      | Reached skill level 5 in Fighting
  1911 | D:4      | Reached XP level 6. HP: 54/56 MP: 9/9
  1950 | D:4      | Reached skill level 5 in Axes
  2048 | D:4      | Found Piwuynt's Gadget Emporium.
  2069 | D:4      | Reached skill level 5 in Invocations
  2373 | D:5      | Entered Level 5 of the Dungeon
  2462 | D:5      | Found a staircase to the Ecumenical Temple.
  2512 | Temple   | Entered the Ecumenical Temple
  2797 | D:5      | Noticed ThereIsNoGod's ghost (novice DDFi)
  2799 | D:5      | Noticed an ice beast
  2801 | D:5      | Reached XP level 7. HP: 62/62 MP: 11/11
  2805 | D:5      | Found a runed door.
  2862 | D:5      | Reached *** piety under Lugonu
  3130 | D:5      | Found a sparkling altar of Nemelex Xobeh.
  3211 | D:6      | Reached XP level 8. HP: 71/71 MP: 13/13
  3614 | D:6      | Found a sacrificial altar of Ru.
  3679 | D:6      | Found a stormy altar of Qazlal.
  3761 | D:6      | Found an ornate altar of the Wu Jian Council.
  3775 | D:6      | Found a shattered altar of Ashenzari.
  4178 | D:7      | Found Tixuor's General Store.
  4186 | D:7      | Bought a potion of degeneration for 12 gold pieces
  4186 | D:7      | Bought a scroll of random uselessness for 12 gold pieces
  4225 | D:7      | Reached **** piety under Lugonu
  4251 | D:7      | Reached XP level 9. HP: 31/81 MP: 14/16
  4519 | D:7      | Identified Sif Muna's Guide on Fiery Feathers
  4722 | D:8      | Noticed Prince Ribbit
  4837 | D:8      | Found Dojepp's Antique Weapon Boutique.
  4941 | D:8      | Noticed Grum
  4946 | D:8      | Killed Grum
  4954 | D:8      | Reached skill level 10 in Invocations
  5191 | D:8      | Killed Prince Ribbit
  5623 | D:9      | Reached skill level 10 in Axes
  5634 | D:9      | Reached XP level 10. HP: 76/92 MP: 18/18
  5658 | D:9      | Reached skill level 10 in Fighting
  5721 | D:9      | Noticed a two-headed hydra
  5723 | D:9      | Banished a two-headed hydra
  5984 | D:9      | Found a hazy altar of Hepliaklqana.
  5986 | D:9      | Found a bloodstained altar of Trog.
  5989 | D:9      | Found an ancient bone altar of Kikubaaqudgha.
  6273 | D:10     | Entered Level 10 of the Dungeon
  6524 | D:9      | Found a roughly hewn altar of Beogh.
  6526 | D:9      | Found a staircase to the Orcish Mines.
  7482 | D:10     | Found a staircase to the Lair.
  7491 | Lair:1   | Entered Level 1 of the Lair of Beasts
  7508 | Lair:1   | Reached XP level 11. HP: 88/102 MP: 20/20
  7771 | Lair:1   | Slain by a spiny frog

Skill      XL: |  1  2  3  4  5  6  7  8  9 10 |
---------------+-------------------------------+-----
Dodging        | 1 |  1.2
Axes           | 3 4 5 6 8 10 12 | 12.0
Fighting       | 4 5 6 8 9 11 | 11.4
Invocations    | 3 4 5 7 9 11 12 | 12.7
Armour         | |  2.6

Action                   |  1- 3 |  4- 6 |  7- 9 | 10-12 || total
-------------------------+-------+-------+-------+-------++-------
Melee: Hand axe          |    88 |   149 |       |       ||   237
       War axe           |       |    55 |   316 |   171 ||   542
Invok: Depart the Abyss  |     1 |       |       |       ||     1
       Banish            |       |       |     1 |     7 ||     8
  Use: Scroll            |       |     6 |       |     4 ||    10
  Eat: Chunk             |       |     6 |    11 |     8 ||    25
       Ration            |       |       |     1 |       ||     1
Armor: Leather armour    |    14 |       |       |       ||    14
       Plate armour      |    48 |    55 |       |       ||   103
       Chain mail        |       |   129 |   202 |    92 ||   423
Dodge: Dodged            |    35 |    77 |   109 |    49 ||   270
